 Dungeon Crawl Stone Soup version 0.20-a0-540-ge6d1839 (webtiles) character file.

17 M4edhros the Sneak (level 2, -2/18 HPs)
             Began as an Octopode Artificer on Jan 30, 2017.
             Slain by an orc (4 damage)
             ... on level 3 of the Dungeon.
             The game lasted 00:00:30 (178 turns).

M4edhros the Sneak (Octopode Artificer)              Turns: 178, Time: 00:00:31

Health: -2/18      AC:  1    Str: 11    XL:     2   Next: 62%
Magic:  4/4        EV: 13    Int: 13    God:
Gold:   12         SH:  0    Dex: 12    Spells: 1/1 levels left

rFire    . . .     SeeInvis .   a - +0 short sword
rCold    . . .     Gourm    .   (no shield)
rNeg     . . .     Faith    .   (helmet restricted)
rPois    .         Spirit   .   (no amulet)
rElec    .         Reflect  .   (no ring)
rCorr    .         Harm     .   (no ring)
MR       .....                  (no ring)
Stlth    +++.......             (no ring)
Regen    0.1/turn               (no ring)
                                (no ring)
                                (no ring)
                                (no ring)

@: drained
A: almost no armour, stealthy swim, amphibious, 8 rings, constrict 8, camouflage
1, gelatinous body 1
a: no special abilities


You were on level 3 of the Dungeon.
You were not hungry.

You visited 1 branch of the dungeon, and saw 3 of its levels.

You collected 12 gold pieces.

Inventory:

Hand Weapons
 a - a +0 short sword (weapon)
Wands
 b - a wand of flame (15/48)
 c - a wand of enslavement (11/24)
 d - a wand of random effects (13/48)
Scrolls
 h - a scroll of identify {unknown}
Potions
 e - a potion of heal wounds {unknown}
 g - a potion of haste {unknown}
Comestibles
 f - a bread ration
 i - a fruit


   Skills:
 - Level 1.0(0.7) Fighting
 - Level 1.0(0.7) Short Blades
 - Level 2.0(1.7) Dodging
 + Level 3.7(3.4) Stealth
 - Level 3.2(3.0) Evocations


You had one spell level left.
You didn't know any spells.

Dungeon Overview and Level Annotations

Branches:
Dungeon (3/15)

Altars:


Innate Abilities, Weirdness & Mutations

You cannot wear most types of armour.
You are very stealthy in the water. (Stealth+)
You are amphibious.
You can wear up to eight rings at the same time.
You can use your tentacles to constrict eight enemies at once.
Your skin changes colour to match your surroundings (Stealth+).
Your rubbery body absorbs attacks. (AC +1, EV +1)


Message History

Evoke which item? (* to show all) (? for menu, Esc to quit)
Aiming: Enslavement
Press: ? - help, Shift-Dir - straight line, f/p - orc wizard
Aim: an orc wizard, wielding a dagger and wearing a robe (severely wounded, slow, chance to defeat MR: 54%)
The orc wizard resists with significant effort.
The adder hisses angrily.
This wand has 12 charges left.
The bat hits you but does no damage. The orc barely misses you.
A frilled lizard, a rat and a hobgoblin come into view.
Evoke which item? (* to show all) (? for menu, Esc to quit)
Aiming: Enslavement
Press: ? - help, Shift-Dir - straight line, f/p - orc wizard
Aim: an orc wizard, wielding a dagger and wearing a robe (severely wounded, slow, chance to defeat MR: 54%)
The orc wizard resists with significant effort.
This wand has 11 charges left.
The orc hits you.
* * * LOW HITPOINT WARNING * * *
The bat closely misses you. The orc wizard closely misses you.
The orc wizard casts a spell.
The orc wizard blinks!
The orc hits you.
You die...

......## #.
#r..... # .
......# .# ####.
.b...#..# .....
.....o..#
..g...##g....=#
.....r#.......#
#....o@..ยง..#
#....oob[...#
#...<......##
......).........
###..S..)..#####
.l........#
.##........#
......####
###..#.#


You could see 2 orc wizards, an adder, 2 orcs, 2 hobgoblins, 2 bats, a frilled
lizard and 2 rats.

Vanquished Creatures
  A dart slug (D:1)
  A leopard gecko (D:2)
  An orc (D:3)
  A hobgoblin (D:1)
  4 jackals (D:2)
  2 frilled lizards
  3 rats (D:1)
13 creatures vanquished.

Notes
Turn   | Place    | Note
-------+----------+-------------------------------------------
     0 | D:1      | M4edhros the Octopode Artificer began the quest for the Orb.
     0 | D:1      | Reached XP level 1. HP: 13/13 MP: 3/3
    80 | D:2      | Reached XP level 2. HP: 16/18 MP: 4/4
   178 | D:3      | Slain by an orc

Vault maps used:
D:1:      mrwooster_arrival_statue, minmay_pentomino_u4
D:2:      lemuel_coloured_pillars_altar, minmay_rat_gold_closets, uniq_sigmund
D:3:      gammafunk_temple_overflow_wave, first_bread, uniq_grinder

Skill      XL: |  1 |
---------------+----+-----
Stealth        | 3 |  3.7
Fighting       | |  1.0
Short Blades   | |  1.0
Dodging        | |  2.0
Evocations     | |  3.2

Action                   || total
-------------------------++-------
Melee: Short sword       ||    22
       Constrict         ||     6
       Tentacles         ||     2
Evoke: Wand              ||     6
 Stab: Sleeping          ||     3
Armor: Skin              ||     2
Dodge: Dodged            ||    17
